 Dungeon Crawl Stone Soup version 0.23-a0-586-gacb4b3f (webtiles) character file.

27 galech the Skirmisher (level 2, -2/24 HPs)
             Began as a Demonspawn Fighter on Dec 19, 2018.
             Slain by Natasha (6 damage)
             ... on level 2 of the Dungeon.
             The game lasted 00:00:46 (1040 turns).

galech the Skirmisher (Demonspawn Fighter)          Turns: 1040, Time: 00:00:47

Health: -2/24      AC:  8    Str: 21    XL:     2   Next: 93%
Magic:  2/2        EV:  7    Int:  9    God:
Gold:   35         SH:  9    Dex: 12    Spells: 1/1 levels left

rFire    . . .     SeeInvis .   a - +0 war axe
rCold    . . .     Gourm    .   c - +0 shield
rNeg     . . .     Faith    .   b - +0 scale mail
rPois    .         Spirit   .   (no helmet)
rElec    .         Reflect  .   (no cloak)
rCorr    +         Harm     .   (no gloves)
MR       .....                  (no boots)
Stlth    ..........             (no amulet)
HPRegen  0.08/turn              h - ring of resist corrosion
MPRegen  0.08/turn              (no ring)

@: mighty, slowed, very slow
A: slimy green scales 1
a: no special abilities


You were on level 2 of the Dungeon.
You were not hungry.

You visited 1 branch of the dungeon, and saw 2 of its levels.

You collected 35 gold pieces.

Inventory:

Hand Weapons
 a - a +0 war axe (weapon)
Armour
 b - a +0 scale mail (worn)
 c - a +0 shield (worn)
Jewellery
 h - a ring of resist corrosion (left hand)
 n - a +3 ring of intelligence {unknown}
Scrolls
 e - a scroll of enchant weapon {unknown}
 k - a scroll of teleportation {unknown}
 l - 2 scrolls of identify {unknown}
 p - a scroll of enchant armour {unknown}
Potions
 g - a potion of curing {unknown}
 i - a potion of invisibility {unknown}
 j - a potion of cancellation {unknown}
 m - 2 potions of heal wounds {unknown}
Comestibles
 f - 5 rations


   Skills:
 + Level 3.2 Fighting
 + Level 2.1 Axes
 + Level 2.9 Armour
 + Level 0.1 Dodging
 + Level 3.0 Shields


You had one spell level left.
You didn't know any spells.
Your spell library was empty.

Dungeon Overview and Level Annotations

Branches:
Dungeon (2/15)

Altars:

Annotations:
D:2 Natasha


Innate Abilities, Weirdness & Mutations

You are partially covered in slimy green scales. (AC +2)


Message History

* * * LOW HITPOINT WARNING * * *
The worm bites you but does no damage.
Unknown command.
You feel very mighty all of a sudden. You block Natasha's attack.
You block the worm's attack.
Natasha mumbles some strange words.
You closely miss Natasha.
Natasha is severely wounded.
You slash the worm! Natasha claws you.
* * * LOW HITPOINT WARNING * * *
You block the worm's attack.
The crimson imp blinks!
Natasha mumbles some strange words.
Natasha glows brightly for a moment.
Natasha claws you but does no damage.
You closely miss Natasha.
Natasha is severely wounded.
You slash the worm!
You kill the worm!
Natasha claws you.
You die...

#.# ## .... #.# #. ...#
#.# #. ##..# #.#
#.##...# #.# ###.#..#.#
#.# ##...#....######.#
.##.>..†5...##.....#####
^)....h@...!...##.......
###......##.#####.#####.
##...#....# #.#####.
##.####..# #.##.... #.
...# #.##.##. .. ....#
#....... ## ##...#
#....... #...# #.##.#<#
#. #.#.#


You could see Natasha and a crimson imp.

Vanquished Creatures
  An adder (D:2)
  A worm (D:2)
  A leopard gecko (D:1)
  5 hobgoblins
  2 bats (D:1)
  A frilled lizard (D:1)
  2 goblins (D:1)
  A kobold (D:1)
  A rat (D:1)
15 creatures vanquished.

Notes
Turn   | Place    | Note
-------+----------+-------------------------------------------
     0 | D:1      | galech the Demonspawn Fighter began the quest for the Orb.
     0 | D:1      | Reached XP level 1. HP: 18/18 MP: 1/1
   232 | D:1      | Gained mutation: You are partially covered in slimy green
                  | scales. (AC +2) [demonic ancestry]
   232 | D:1      | Reached XP level 2. HP: 13/24 MP: 2/2
  1027 | D:2      | Noticed Natasha
  1039 | D:2      | Noticed a crimson imp
  1040 | D:2      | Slain by Natasha

Vault maps used:
D:1:      minmay_arrival_stair_chambers
D:2:      gammafunk_temple_overflow_claw, st_stairs_11, trog_butcher_becter,
          uniq_robin, uniq_natasha

Skill      XL: |  1  2 |
---------------+-------+-----
Axes           | 2 |  2.1
Shields        | 3 |  3.0
Fighting       | |  3.2
Armour         | |  2.9
Dodging        | |  0.1

Action                   || total
-------------------------++-------
Melee: War axe           ||    54
  Use: Potion            ||     1
Armor: Scale mail        ||    36
Dodge: Dodged            ||    10
Block: Shield            ||    32

Table legend:
 A = Non-vault XP
 B = Vault XP
 C = Vault XP percentage of total XP
 D = Non-vault monster count
 E = Vault monster count
 F = Vault count percentage of total count
                 A         B        C        D         E       F
            +---------+---------+-------+---------+---------+-------
      Total |      39 |       0 |   0.0 |      15 |       0 |   0.0
            +---------+---------+-------+---------+---------+-------
        D:1 |      19 |       0 |   0.0 |      12 |       0 |   0.0
        D:2 |      20 |       0 |   0.0 |       3 |       0 |   0.0
            +---------+---------+-------+---------+---------+-------
